 Dungeon Crawl Stone Soup version 0.21.1-1-g345015f (webtiles) character file.

25434 SolarIceFox the Cleaver (level 12, -26/110 HPs)
             Began as a Minotaur Berserker on June 16, 2018.
             Was a High Priest of Trog.
             Annihilated by a large slime creature (31 damage)
             ... on level 11 of the Dungeon.
             The game lasted 02:17:02 (24348 turns).

SolarIceFox the Cleaver (Minotaur Berserker)       Turns: 24348, Time: 02:17:03

Health: -26/110    AC: 19    Str: 26    XL:     12   Next: 89%
Magic:  4/4        EV: 11    Int:  4    God:    Trog [*****.]
Gold:   855        SH:  0    Dex: 16    Spells: 11/11 levels left

rFire    . . .     SeeInvis .   F - +3 executioner's axe (antimagic)
rCold    . . .     Gourm    .   (shield currently unavailable)
rNeg     . . .     Faith    .   y - +0 plate armour
rPois    .         Spirit   .   (helmet restricted)
rElec    .         Reflect  .   t - scarf {repulsion}
rCorr    .         Harm     .   (no gloves)
MR       .....                  f - +2 pair of boots
Stlth    ..........             i - amulet of rage
HPRegen  0.28/turn              R - +2 ring of strength
MPRegen  0.09/turn              Q - +3 ring of strength

@: about to teleport, repel missiles
A: retaliatory headbutt, horns 2
a: Berserk, Trog's Hand, Brothers in Arms, Burn Spellbooks, Renounce Religion,
Evoke Berserk Rage


You were on level 11 of the Dungeon.
You worshipped Trog.
Trog was extremely pleased with you.
You were not hungry.

You visited 2 branches of the dungeon, and saw 17 of its levels.

You collected 911 gold pieces.
You spent 56 gold pieces at shops.

Inventory:

Hand Weapons
 w - a +3 flail of protection
 F - a +3 antimagic executioner's axe (weapon)
Missiles
 o - 6 tomahawks
 q - 2 exploding tomahawks (quivered)
 r - 152 arrows
 C - 46 poisoned needles
 D - 95 sling bullets
Armour
 f - a +2 pair of boots (worn)
 t - a scarf of repulsion (worn)
 y - a +0 plate armour (worn)
Jewellery
 i - an amulet of rage (around neck)
 Q - a +3 ring of strength (right hand)
 R - a +2 ring of strength (left hand)
Wands
 k - a wand of polymorph (20)
 s - a wand of flame (63)
 x - a wand of scattershot (7)
 G - a wand of digging (26)
 K - a wand of enslavement (14)
 O - a wand of acid (17)
 T - a wand of iceblast (7)
 U - a wand of paralysis (19)
Scrolls
 h - 3 scrolls of remove curse
 l - 4 scrolls of enchant armour
 B - 2 scrolls of teleportation
 N - 2 scrolls of magic mapping
 W - 2 scrolls of brand weapon {unknown}
 Y - a scroll of fog
Potions
 b - 6 potions of curing
 g - a potion of ambrosia {unknown}
 m - 2 potions of haste
 u - a potion of resistance {unknown}
 v - 5 potions of flight
 E - a potion of invisibility {unknown}
 J - 2 potions of agility
 S - a potion of berserk rage {unknown}
Comestibles
 c - 21 rations


   Skills:
 + Level 11.3 Fighting
 + Level 13.3(15.1) Axes
 - Level 12.5(14.7) Maces & Flails
 * Level 2.9 Throwing
 + Level 12.8 Armour
 * Level 6.3 Dodging
 - Level 1.1 Stealth
 * Level 2.5 Evocations


You had 11 spell levels left.
You didn't know any spells.

Dungeon Overview and Level Annotations

Branches:
Dungeon (12/15)            Temple (0/1) D:4            Lair (5/6) D:9
  Swamp (0/4) Lair:4       Spider (0/4) Lair:2
  Slime: Lair:5-6       Orc: D:9-12

Altars:
Elyvilon
Nemelex Xobeh
Okawaru
Sif Muna
Xom
The Shining One

Shops:
D:5 *   D:8 [

Annotations:
Lair:2 exclusion: 5 oklob plants


Innate Abilities, Weirdness & Mutations

You reflexively headbutt those who attack you in melee.
You have a pair of horns on your head.


Message History

Trog accepts your kill.
Something hits you but does no damage. x2
The large slime creature seems to regain its courage.
Something hits you but does no damage.
Cornered, the large slime creature turns to fight!
Something hits you but does no damage. The slime creature barely misses you.
You furiously retaliate!
You headbutt the slime creature.
There is a stone staircase leading up here.
Something hits you.
* * * LOW HITPOINT WARNING * * *
The slime creature barely misses you. You furiously retaliate!
You headbutt the slime creature!
The large slime creature closely misses you.
You climb upwards.
There is a stone staircase leading down here.
As you read the scroll of teleportation, it crumbles to dust.
You feel strangely unstable.
The slime creature hits you but does no damage.
The large slime creature hits you!!
You die...

.....#.# #.####...##.#
.#####.##########.#
#.####.#
.#####..<......[..#
#.# #.#
.......##########.#
#.####.#### .#####.#
#.####.........# .#
#รท# #............#.#
.# #.#
#.####[.###..#.# .#
#.#
#####.####..###..#.#
.# #.#
##...@J...........#.#
.# #.#
#....J#####.#####.#.#
## #.#
#..##..........)....#
#.#
#..########.######..##
#.# ###..#
#.#......... #.#
#....# ###.#.####.###
######.# #.#.##
#.....# #.# .......#
#.#.# #.#...# #.#
######## #.#.# #.#...#
#.#


You could see a large slime creature and a slime creature.

Vanquished Creatures
  A hydra (Lair:1)
  The ghost of zag the Sneak, a novice NaWz of Vehumet (D:9)
  A centaur warrior (D:12)
  3 two-headed ogres
  A glowing orange brain (D:11)
  The ghost of Elysium the Carver, a novice DsGl of Makhleb (D:6)
  Pikel (D:6)
  2 slime creatures (D:12)
  The ghost of CryoXil the Shield-Bearer, a novice GrFi (D:8)
  2 black mambas
  4 spiny frogs
  2 rime drakes
  3 trolls
  2 komodo dragons
  The ghost of Mitcholas the Poker, an amateur HOFi (D:4)
  A jumping spider (Lair:5)
  2 polar bears (Lair:4)
  5 blink frogs (Lair:4)
  8 hippogriffs
  A tarantella (Lair:2)
  A hog (shapeshifter) (D:8)
  3 basilisks
  18 yaks
  2 hungry ghosts
  A steam dragon (D:10)
  An acid dragon (D:11)
  5 swamp worms (Lair:4)
  6 water moccasins
  3 orc warriors
  9 porcupines
  3 sky beasts
  An ice beast (D:9)
  6 wolves (Lair:3)
  5 ogres
  5 centaurs
  3 phantoms
  6 crocodiles
  A big kobold (D:10)
  15 bullfrogs
  A gnoll sergeant (D:7)
  A wyvern zombie (D:7)
  2 wyvern skeletons
  3 scorpions
  A water moccasin skeleton (D:7)
  14 killer bees
  An electric eel (Lair:4)
  5 howler monkeys (D:8)
  A crimson imp (D:10)
  2 bullfrog zombies
  3 jellies
  8 orc wizards
  2 centaur skeletons
  A centaur zombie (D:5)
  8 orc priests
  3 hounds
  A gnoll shaman (D:6)
  4 bullfrog skeletons
  Ijyb (D:3)
  3 iguanas
  12 worker ants
  3 hound zombies
  A hound skeleton (D:5)
  A mummy (D:4)
  2 worker ant zombies (D:5)
  11 adders
  17 gnolls
  A shadow imp (D:8)
  An ooze (D:5)
  2 adder zombies (D:6)
  An adder skeleton (D:6)
  5 worms
  4 dart slugs
  6 leopard geckos
  48 orcs
  5 giant cockroaches
  5 goblins
  8 hobgoblins
  7 jackals
  6 quokkas
  3 ball pythons
  3 bats
  3 frilled lizards
  9 kobolds
  A leopard gecko skeleton (D:4)
  3 rats
  2 plants
372 creatures vanquished.

Vanquished Creatures (others)
  A slave (D:6)
  An orc priest (D:6)
  A bullfrog skeleton (D:6)
  An orc wizard (D:6)
  A hound skeleton (D:6)
  5 orcs (D:6)
  A giant cockroach (D:5)
  2 fungi (Lair:5)
  A plant (Lair:4)
14 creatures vanquished.

Grand Total: 386 creatures vanquished

Notes
Turn   | Place    | Note
-------+----------+-------------------------------------------
     0 | D:1      | SolarIceFox the Minotaur Berserker began the quest for the Orb.
     0 | D:1      | Reached XP level 1. HP: 19/19 MP: 0/0
   381 | D:1      | Reached XP level 2. HP: 20/27 MP: 1/1
   465 | D:1      | Reached skill level 4 in Axes
  1444 | D:2      | Reached XP level 3. HP: 28/33 MP: 2/2
  1965 | D:2      | Reached XP level 4. HP: 35/41 MP: 3/3
  2122 | D:2      | Reached ** piety under Trog
  2561 | D:3      | Reached skill level 5 in Axes
  2561 | D:3      | Reached XP level 5. HP: 39/47 MP: 4/4
  3277 | D:3      | Noticed Ijyb
  3292 | D:3      | Killed Ijyb
  3669 | D:3      | Reached skill level 1 in Stealth
  3855 | D:3      | Found a sparkling altar of Nemelex Xobeh.
  4311 | D:4      | Found a staircase to the Ecumenical Temple.
  4400 | D:4      | Reached skill level 5 in Fighting
  4408 | D:4      | Found an iron altar of Okawaru.
  4439 | D:4      | Reached skill level 6 in Axes
  4439 | D:4      | Reached XP level 6. HP: 54/56 MP: 5/5
  4576 | D:4      | Found a sand-covered staircase.
  4950 | D:4      | Noticed Mitcholas's ghost (amateur HOFi)
  4965 | D:4      | Killed Mitcholas's ghost
  4965 | D:4      | Reached skill level 7 in Axes
  4965 | D:4      | Reached skill level 1 in Maces & Flails
  4965 | D:4      | Reached XP level 7. HP: 23/61 MP: 6/6
  5367 | D:5      | Entered Level 5 of the Dungeon
  5513 | D:5      | Found a shimmering altar of Xom.
  5520 | D:5      | Reached *** piety under Trog
  5928 | D:5      | Found Teagref's General Store.
  5941 | D:5      | Bought a scroll of identify for 28 gold pieces
  5941 | D:5      | Bought a scroll of identify for 28 gold pieces
  6266 | D:5      | Found a glowing golden altar of the Shining One.
  6272 | D:5      | Reached skill level 8 in Axes
  6504 | D:5      | Reached skill level 5 in Armour
  6504 | D:5      | Reached XP level 8. HP: 66/70 MP: 7/7
  6751 | D:6      | Found a white marble altar of Elyvilon.
  7088 | D:6      | Noticed Elysium's ghost (novice DsGl)
  7102 | D:6      | Killed Elysium's ghost
  7102 | D:6      | Reached skill level 9 in Axes
  7154 | D:6      | Noticed Pikel
  7159 | D:6      | Killed Pikel
  7159 | D:6      | Reached skill level 5 in Maces & Flails
  7159 | D:6      | Reached XP level 9. HP: 78/78 MP: 8/8
  7163 | D:6      | Reached skill level 10 in Axes
  7925 | D:7      | Reached **** piety under Trog
  8721 | D:7      | Reached XP level 10. HP: 86/86 MP: 9/9
  9179 | D:8      | Noticed CryoXil's ghost (novice GrFi)
  9218 | D:8      | Killed CryoXil's ghost
  9535 | D:8      | Reached skill level 10 in Maces & Flails
 10011 | D:8      | Reached ***** piety under Trog
 10223 | D:8      | Found Juysiodd's Armour Shop.
 10764 | D:9      | Found a staircase to the Lair.
 10784 | Lair:1   | Entered Level 1 of the Lair of Beasts
 10954 | Lair:1   | Noticed a five-headed hydra
 10965 | Lair:1   | Killed a five-headed hydra
 10965 | Lair:1   | Reached skill level 11 in Axes
 11221 | Lair:1   | Noticed a spiny frog
 11231 | Lair:1   | Killed a spiny frog
 11231 | Lair:1   | Reached XP level 11. HP: 72/95 MP: 10/10
 11995 | Lair:1   | Reached skill level 10 in Armour
 12511 | Lair:2   | Found a white marble altar of Elyvilon.
 12511 | Lair:2   | Noticed an oklob plant
 12619 | D:9      | Found a deep blue altar of Sif Muna.
 12620 | D:9      | Noticed zag's ghost (novice NaWz)
 12639 | D:9      | Killed zag's ghost
 13624 | D:9      | Noticed a two-headed ogre
 13633 | D:9      | Killed a two-headed ogre
 14630 | D:10     | Entered Level 10 of the Dungeon
 14907 | D:10     | Noticed a two-headed ogre
 14920 | D:10     | Killed a two-headed ogre
 15375 | D:10     | Received a gift from Trog
 16429 | D:11     | You fall through a shaft!
 16521 | D:11     | Noticed a glowing orange brain
 16521 | D:11     | a komodo dragon changed into a glowing orange brain
 16524 | D:11     | Killed a glowing orange brain
 16524 | D:11     | Reached skill level 10 in Fighting
 16941 | D:11     | Noticed a two-headed ogre
 16949 | D:11     | Killed a two-headed ogre
 16949 | D:11     | Reached skill level 5 in Dodging
 16953 | D:11     | Reached XP level 12. HP: 83/107 MP: 3/11
 19209 | Lair:2   | Found a hole to the Spider Nest.
 20037 | Lair:3   | Reached skill level 12 in Axes
 20864 | Lair:3   | Reached skill level 1 in Throwing
 21179 | Lair:4   | Reached skill level 1 in Evocations
 22339 | Lair:4   | Reached skill level 13 in Axes
 22784 | Lair:4   | Found a staircase to the Swamp.
 22839 | Lair:4   | HP: 3/165 [swamp worm (8)]
 23873 | D:12     | Noticed a centaur warrior
 23876 | D:12     | Killed a centaur warrior
 23886 | D:12     | HP: 5/110 [large slime creature (27)]
 24336 | D:12     | HP: 4/110 [something (8)]
 24341 | D:12     | HP: 4/110 [something (2)]
 24346 | D:12     | HP: 4/110 [something (1)]
 24348 | D:11     | Annihilated by a large slime creature

Skill      XL: |  1  2  3  4  5  6  7  8  9 10 11 12 |
---------------+-------------------------------------+-----
Axes           | 4 5 6 7 8 9 10 11 13 | 13.3
Fighting       | 4 5 6 7 8 10 11 | 11.3
Armour         | 3 4 5 6 7 9 11 12 | 12.8
Dodging        | 3 4 5 6 |  6.3
Stealth        | 1 |  1.1
Maces & Flails | 1 3 5 9 10 12 | 12.5
Throwing       | 2 |  2.9
Evocations     | 2 |  2.5

Action                   |  1- 3 |  4- 6 |  7- 9 | 10-12 || total
-------------------------+-------+-------+-------+-------++-------
Melee: Hand axe          |    63 |    85 |       |       ||   148
       Headbutt          |     9 |    19 |    65 |   146 ||   239
       War axe           |       |    25 |    99 |    17 ||   141
       Flail             |       |       |   169 |   294 ||   463
       Battleaxe         |       |       |       |    85 ||    85
       Executioner's axe |       |       |       |   275 ||   275
Throw: Tomahawk          |       |       |       |     1 ||     1
Invok: Berserk           |       |       |     1 |     1 ||     2
       Burn Spellbooks   |       |       |       |     1 ||     1
Evoke: Wand              |       |       |       |     5 ||     5
  Use: Scroll            |       |     6 |     2 |    17 ||    25
       Potion            |       |     1 |       |     8 ||     9
 Stab: Sleeping          |       |       |     1 |       ||     1
  Eat: Chunk             |     3 |    10 |     6 |    24 ||    43
       Ration            |       |       |     2 |     9 ||    11
Armor: Leather armour    |    12 |    18 |    11 |       ||    41
       Chain mail        |       |    22 |       |       ||    22
       Skin              |       |    17 |       |     9 ||    26
       Plate armour      |       |       |   112 |   434 ||   546
       Scale mail        |       |       |    31 |     3 ||    34
Dodge: Dodged            |    47 |    43 |   148 |   356 ||   594
       Deflected         |       |       |     1 |    13 ||    14
